 Dungeon Crawl Stone Soup version 0.27-a0-1242-ge70438ac7b (webtiles) character file.

Game seed: 14818376232703552502

70127 Kinoniko the Severer (level 14, -10/135 HPs)
             Began as a Black Draconian Berserker on June 9, 2021.
             Was a High Priest of Trog.
             Mangled by a freezing wraith (15 damage)
             ... led by a death knight
             ... on level 14 of the Dungeon.
             The game lasted 00:29:36 (25462 turns).

Kinoniko the Severer (Black Draconian Berserker)   Turns: 25462, Time: 00:29:38

Health: -10/135    AC: 18    Str: 24    XL:     14   Next: 92%
Magic:  14/14      EV: 14    Int:  8    God:    Trog [*****.]
Gold:   1524       SH:  9    Dex: 11    Spells: 13/13 levels left

rFire    . . .     SeeInvis +   A - +14 obsidian axe {vorpal, Drain Fly SInv}
rCold    . . .     Faith    .   H - +3 buckler
rNeg     . . .     Spirit   .   (armour unavailable)
rPois    +         Reflect  .   (helmet restricted)
rElec    +         Harm     .   (no cloak)
rCorr    .         Rampage  .   B - +2 pair of gloves
Will     +....                  c - +2 pair of boots
Stlth    +.........             X - amulet of regeneration
HPRegen  1.32/turn              G - +4 ring of protection
MPRegen  0.14/turn              k - ring of poison resistance

@: on berserk cooldown, flying, mesmerised, slowed, studying Dodging, very slow
A: breathe lightning, AC +8, unfitting armour, big wings, electricity
resistance, cold-blooded
a: Breathe Lightning, Renounce Religion, Berserk, Trog's Hand, Brothers in Arms


You were on level 14 of the Dungeon.
You worshipped Trog.
Trog was extremely pleased with you.
You visited 2 branches of the dungeon, and saw 20 of its levels.
You also visited: Gauntlet.

You collected 1524 gold pieces.

Inventory:

Hand Weapons
 a - a +0 hand axe
 o - a +2 war axe
 r - a +1 trident of protection
 A - the +14 obsidian axe (weapon) {vorpal, Drain Fly SInv}
   (You found it in a Gauntlet)

   It inflicts extra damage upon your enemies.
   It lets you see invisible.
   It grants you flight.
   It drains your maximum health when unequipped.
 K - a +3 vorpal broad axe
 M - the +4 war axe "Killer Bee's Foe" {vorpal, rElec Str+3 Stlth+}
   (You took it off a minotaur in a Gauntlet)

   It inflicts extra damage upon your enemies.
   It affects your strength (+3).
   It insulates you from electricity.
   It makes you more stealthy.
 Z - the +11 executioner's axe of Lairrare {vamp, Will+ Str+3}
   (You acquired it on level 13 of the Dungeon)

   It inflicts no extra harm, but heals its wielder when it wounds a living foe.
   It affects your strength (+3).
   It increases your willpower.
Missiles
 C - 7 curare-tipped darts
 N - 6 silver javelins
Armour
 c - a +2 pair of boots (worn)
 B - a +2 pair of gloves (worn)
 D - a +0 buckler
 H - a +3 buckler (worn)
 I - the +1 cloak of Durable Salvation {Harm rF- rN+ Int+3}
   (You found it in a Gauntlet)

   It affects your intelligence (+3).
   It makes you vulnerable to fire.
   It protects you from negative energy.
   It increases damage dealt and taken.
Jewellery
 e - a ring of protection from cold
 k - a ring of poison resistance (right hand)
 l - a ring of magical power
 p - the ring "Vaaclumu" {Ice rN+ SInv}
   (You found it in a Gauntlet)

   [ring of ice]

   It enhances your ice magic.
   It makes you vulnerable to fire.
   It protects you from cold.
   It protects you from negative energy.
   It lets you see invisible.
 G - a +4 ring of protection (left hand)
 L - a +6 ring of strength
 O - a ring of protection from cold
 R - a ring of resist corrosion
 X - an amulet of regeneration (around neck)
 Y - a ring of positive energy
Wands
 i - a wand of iceblast (11)
 v - a wand of flame (40)
 x - a wand of polymorph (13)
 y - a wand of charming (11)
 z - a wand of digging (7)
 U - a wand of paralysis (8)
Scrolls
 g - 12 scrolls of teleportation
 m - a scroll of vulnerability
 n - 3 scrolls of fog
 E - 3 scrolls of fear
 F - a scroll of immolation
 Q - a scroll of enchant weapon
 T - a scroll of brand weapon
 W - 2 scrolls of magic mapping
Potions
 b - 4 potions of magic
 d - 6 potions of attraction
 f - 4 potions of curing
 h - 5 potions of heal wounds
 j - 3 potions of brilliance
 q - 3 potions of haste
 s - 2 potions of flight
 t - 2 potions of berserk rage
 u - 2 potions of mutation
 w - a potion of lignification
 J - 2 potions of ambrosia
 S - a potion of cancellation
 V - a potion of resistance


   Skills:
 * Level 15.0 Fighting
 - Level 18.5 Axes
 + Level 7.7 Dodging
 + Level 9.5 Shields


You had 13 spell levels left.
You didn't know any spells.
Your spell library contained the following spells:

 Spells                   Type           Power      Damage    Failure   Level
 Summon Small Mammal      Summ           0%         N/A       41%         1
 Call Imp                 Summ           0%         N/A       54%         2
 Ensorcelled Hibernation  Hex/Ice        0%         N/A       54%         2
 Call Canine Familiar     Summ           0%         N/A       78%         3
 Summon Guardian Golem    Hex/Summ       0%         N/A       78%         3
 Summon Ice Beast         Ice/Summ       0%         N/A       99%         4
 Summon Lightning Spire   Summ/Air       0%         N/A       99%         4
 Borgnjor's Vile Clutch   Necr/Erth      0%         N/A       100%        5
 Silence                  Hex/Air        0%         N/A       100%        5
 Shadow Creatures         Summ           N/A        N/A       100%        6
 Animate Armour           Summ/Erth      Unusable   N/A       N/A         4

Dungeon Overview and Level Annotations

Branches:
Dungeon (14/15)            Temple (0/1) D:6            Lair (6/6) D:9
 Shoals (0/4) Lair:2        Snake (0/4) Lair:3          Orc (0/2) D:10
 Vaults (0/5) D:13        Gauntlet (visited)
  Slime: Lair:5-6

Altars:
Ashenzari
Elyvilon
Fedhas
Gozag
Hepliaklqana
Kikubaaqudgha
Wu Jian
Yredelemnul
Zin
The Shining One

Portals:
Trove: D:10 (give +6 demon blade)

Annotations:
D:6 3 runed translucent doors, Nacht's ghost, novice BaSu; celly00's ghost, novice DsMo
Lair:4 exclusion: oklob plant


Innate Abilities, Weirdness & Mutations

You can breathe wild blasts of lightning.
Your glossy black scales are hard. (AC +8)
You cannot fit into any form of body armour.
Your large and strong wings let you fly.
You are resistant to electric shocks. (rElec)
You are cold-blooded and may be slowed by cold attacks.


Message History

Unknown command.
You slice the skeletal warrior!!
The skeletal warrior is heavily damaged.
You slice the skeletal warrior!!
You are no longer entranced.
You destroy the skeletal warrior!
Trog accepts your kill.
Visions of slaying the skeletal warrior flood into your mind.
Your Fighting skill increases to level 15!
You slice the skeletal warrior!!
The skeletal warrior is heavily damaged.
You slash the skeletal warrior! You tail-slap the skeletal warrior!
The skeletal warrior is almost destroyed.
The skeletal warrior hits you with a +0 mace.
* * * LOW HITPOINT WARNING * * *
Unknown command.
You slash the skeletal warrior!
You break out of your daze!
You destroy the skeletal warrior!
Trog accepts your kill.
Visions of slaying the freezing wraith flood into your mind.
Unknown command.
You are no longer berserk.
You are exhausted.
You feel yourself slow down. You block the freezing wraith's attack.
The freezing wraith closely misses you.
Things that are here:
a +0 mace; a +0 mace; a manticore corpse You hit the freezing wraith.
The freezing wraith is lightly damaged.
The freezing wraith misses you. The freezing wraith barely misses you.
Unknown command.
You cannot move away from the freezing wraith!
You closely miss the freezing wraith.
The freezing wraith is lightly damaged.
The freezing wraith hits you!
* * * LOW HITPOINT WARNING * * *
The freezing wraith freezes you!
You feel as though you will be slow longer.
You die...

#.# #.# .
#..
..#####..
........#
........#
.#
.......W#
#.# #.# .#
#@# #.#
#.# #.#
#3# #.#
#.# #.# #
#.# #.#
#.# #.# #
#.# #.#
#.# #.# #
#.###.#
#.####.# #
#.....#
#......# #
#...^.#
#......# #
#..##.#
#.###..###
#..##.#
#.# #.....


You could see a freezing wraith (mesmerising, ally target) and a friendly sun
demon (summoned).

Vanquished Creatures
  A minotaur (Gauntlet)
  Josephine (D:11)
  A fire dragon (Lair:6)
  A great orb of eyes (Gauntlet)
  2 boulder beetles (D:13)
  3 vault guards (D:13)
  2 hydras
  An anaconda (Lair:6)
  A catoblepas (Lair:2)
  3 centaur warriors
  A death knight (D:14)
  5 two-headed ogres
  3 death yaks (Lair:5)
  10 skeletal warriors
  An orange crystal statue (D:13)
  A phantasmal warrior (D:14)
  A deep elf pyromancer (D:13)
  2 lindwurms
  A manticore (D:14)
  6 cyclopes
  9 ugly things
  4 elephants
  2 molten gargoyles (Lair:6)
  A torpor snail (Lair:6)
  Joseph (D:10)
  6 black mambas
  2 minotaur zombies (Gauntlet)
  4 rime drakes
  Maggie (D:10)
  9 cane toads
  2 unseen horrors
  7 komodo dragons
  2 kobold demonologists (D:12)
  An efreet (D:13)
  A jumping spider (shapeshifter) (D:13)
  3 trolls
  2 polar bears
  2 blink frogs (Lair:6)
  A raiju (Gauntlet)
  2 spriggans (Lair:2)
  3 shadows (D:12)
  6 flying skulls (Gauntlet)
  A vampire (D:9)
  33 yaks
  9 wraiths
  Eustachio (D:5)
  7 wyverns
  2 basilisks
  A golden eye (shapeshifter) (D:14)
  3 steam dragons
  7 vampire mosquitoes
  4 nagas (Lair:3)
  5 hell hounds (Lair:6)
  15 water moccasins
  An orc warrior (D:9)
  A sky beast (D:7)
  3 ice beasts
  7 black bears
  A phantom (D:6)
  5 wolves
  3 ogres
  2 centaurs
  3 kobold brigands
  14 bullfrogs
  2 gnoll sergeants
  4 scorpions
  2 water moccasin skeletons (D:6)
  11 killer bees
  A vampire bat (D:5)
  4 wights (D:8)
  4 electric eels
  A howler monkey (D:11)
  A bullfrog zombie (D:4)
  4 lava snakes (Lair:6)
  4 centaur zombies
  2 jellies
  5 hounds
  4 orc priests
  2 iguanas
  9 orc wizards
  A hound skeleton (D:4)
  A howler monkey zombie (D:3)
  10 gnolls
  9 adders
  2 white imps (D:7)
  2 worms (D:2)
  A dart slug (D:5)
  3 fire bats (D:5)
  31 orcs
  2 spectral bats (D:5)
  14 bats
  3 bat skeletons (D:5)
  A bat zombie (D:5)
  6 endoplasms
  3 giant cockroaches
  5 goblins
  7 hobgoblins
  15 jackals
  4 quokkas
  8 ball pythons
  A bat simulacrum (D:5)
  6 frilled lizards
  23 kobolds
  6 rats
  A fungus (Lair:5)
471 creatures vanquished.

Vanquished Creatures (collateral kills)
  A vault guard (D:13)
  A rakshasa (D:13)
  2 hydras (Lair:4)
  A two-headed ogre (D:12)
  4 death yaks
  An ugly thing (D:11)
  A black mamba (Lair:6)
  5 elephants
  A cane toad (Lair:6)
  A kobold demonologist (D:12)
  A rime drake (Lair:5)
  A troll (D:12)
  4 blink frogs
  6 yaks
  A shadow (D:8)
  A wraith (D:12)
  2 vampire mosquitoes
  2 basilisks
  A steam dragon (Lair:6)
  A wolf (Lair:6)
  A centaur (D:13)
  A kobold brigand (D:12)
  A bullfrog (Lair:2)
  A lava snake (Lair:6)
  2 orc priests
  An orc (D:13)
  4 kobolds (D:12)
49 creatures vanquished.

Vanquished Creatures (others)
  An orc wizard (D:10)
  A bush (Lair:6)
  42 fungi
  71 plants
  5 withered plants (D:6)
120 creatures vanquished.

Grand Total: 640 creatures vanquished

Notes
Turn   | Place    | Note
-------+----------+-------------------------------------------
     0 | D:1      | Kinoniko the Draconian Berserker began the quest for the
                  | Orb.
     0 | D:1      | Reached XP level 1. HP: 19/19 MP: 1/1
   184 | D:1      | Found a faded altar of an unknown god.
   192 | D:1      | Reached XP level 2. HP: 26/26 MP: 2/2
   367 | D:1      | Reached skill level 4 in Axes
   490 | D:1      | Reached ** piety under Trog
   495 | D:1      | Reached XP level 3. HP: 31/31 MP: 3/3
  1119 | D:2      | Reached XP level 4. HP: 36/38 MP: 4/4
  1315 | D:2      | Reached skill level 5 in Axes
  2080 | D:3      | Found a hazy altar of Hepliaklqana.
  2194 | D:3      | Reached XP level 5. HP: 45/45 MP: 5/5
  2288 | D:3      | Reached skill level 6 in Axes
  2366 | D:3      | Reached *** piety under Trog
  2681 | D:3      | Found an ancient bone altar of Kikubaaqudgha.
  3083 | D:4      | Found a basalt altar of Yredelemnul.
  3643 | D:4      | Reached XP level 6. HP: 47/51 MP: 6/6
  4156 | D:5      | Entered Level 5 of the Dungeon
  4171 | D:5      | Reached skill level 7 in Axes
  4328 | D:5      | Noticed Eustachio
  4347 | D:5      | Killed Eustachio
  4374 | D:5      | Reached skill level 8 in Axes
  4374 | D:5      | Your scales start taking on a glossy black colour.
  4374 | D:5      | Reached XP level 7. HP: 46/57 MP: 7/7
  4374 | D:5      | Gained mutation: You are resistant to electric shocks.
                  | (rElec) [Black Draconian growth]
  4428 | D:5      | Found a glowing silver altar of Zin.
  4429 | D:5      | Found a white marble altar of Elyvilon.
  4430 | D:5      | Found a glowing golden altar of the Shining One.
  4437 | D:5      | Found a broken altar of Ashenzari.
  4701 | D:5      | Reached **** piety under Trog
  4852 | D:5      | Reached skill level 9 in Axes
  5378 | D:5      | Reached skill level 10 in Axes
  5378 | D:5      | Reached XP level 8. HP: 63/63 MP: 8/8
  5884 | D:6      | Found a runed translucent gate.
  5884 | D:6      | Found a runed translucent gate.
  5884 | D:6      | Found a runed translucent gate.
  5884 | D:6      | Noticed celly00's ghost (novice DsMo)
  5884 | D:6      | Noticed Nacht's ghost (novice BaSu)
  5907 | D:6      | Found a staircase to the Ecumenical Temple.
  6215 | D:6      | Found an opulent altar of Gozag.
  6241 | D:6      | Reached skill level 11 in Axes
  7149 | D:7      | Noticed a two-headed ogre
  7158 | D:7      | Killed a two-headed ogre
  7159 | D:7      | Reached skill level 12 in Axes
  7159 | D:7      | Reached XP level 9. HP: 18/70 MP: 9/9
  7702 | D:7      | Reached skill level 13 in Axes
  8422 | D:8      | Found a blossoming altar of Fedhas.
  8902 | D:8      | Found an ornate altar of the Wu Jian Council.
  9009 | D:9      | Reached skill level 14 in Axes
  9146 | D:9      | Reached XP level 10. HP: 77/77 MP: 10/10
  9306 | D:9      | Found a staircase to the Lair.
  9487 | D:9      | Reached ***** piety under Trog
  9933 | D:9      | Reached skill level 15 in Axes
  9935 | D:9      | Reached skill level 1 in Shields
 10268 | D:10     | Entered Level 10 of the Dungeon
 10268 | D:10     | Noticed a two-headed ogre
 10277 | D:10     | Killed a two-headed ogre
 10501 | D:10     | Found a portal to a secret trove of treasure.
 10947 | Lair:1   | Entered Level 1 of the Lair of Beasts
 11098 | Lair:1   | Reached XP level 11. HP: 35/82 MP: 11/11
 11783 | Lair:1   | Reached skill level 16 in Axes
 12248 | Lair:2   | Reached skill level 5 in Shields
 12410 | Lair:2   | Found a staircase to the Shoals.
 13004 | Lair:2   | Noticed a catoblepas
 13020 | Lair:2   | Killed a catoblepas
 13479 | Lair:2   | Reached skill level 17 in Axes
 14237 | Lair:3   | Reached XP level 12. HP: 13/89 MP: 12/12
 14917 | Lair:3   | Found a staircase to the Snake Pit.
 15532 | Lair:4   | Received a gift from Trog
 15770 | Lair:4   | Reached skill level 5 in Fighting
 16311 | Lair:4   | Noticed a five-headed hydra
 16319 | Lair:4   | Killed a seven-headed hydra
 16563 | Lair:4   | Noticed a four-headed hydra
 16568 | Lair:4   | Killed a four-headed hydra
 16776 | Lair:4   | Reached skill level 18 in Axes
 17065 | Lair:5   | Found a gate leading to a gauntlet.
 17067 | Lair:5   | You fall into a shaft and drop 1 floor!
 17067 | Lair:6   | Entered Level 6 of the Lair of Beasts
 17072 | Lair:6   | Noticed a death yak
 17123 | Lair:5   | Noticed a death yak
 17124 | Lair:5   | Noticed a death yak
 17124 | Lair:5   | Noticed a death yak
 17138 | Lair:5   | Killed a death yak
 17166 | Gauntlet | Entered a Gauntlet
 17166 | Gauntlet | Found a transporter.
 17166 | Gauntlet | Found a transporter.
 17166 | Gauntlet | Found a transporter.
 17385 | Gauntlet | Found a transporter.
 17388 | Gauntlet | Found a transporter.
 17388 | Gauntlet | Found a transporter.
 17390 | Gauntlet | Noticed a catoblepas
 17398 | Gauntlet | Found a transporter.
 17401 | Gauntlet | Found the +14 obsidian axe {vorpal, Drain Fly SInv}
 17402 | Gauntlet | Found a transporter.
 17409 | Gauntlet | Noticed a quicksilver ooze
 17412 | Gauntlet | Found a transporter.
 17417 | Gauntlet | Found a transporter.
 17425 | Gauntlet | Noticed a great orb of eyes
 17436 | Gauntlet | Found a transporter.
 17440 | Gauntlet | Found a transporter.
 17769 | Gauntlet | Identified the ring "Vaaclumu" {Ice rN+ SInv}
 17847 | Gauntlet | Killed a great orb of eyes
 17915 | Gauntlet | Identified the +1 cloak of Durable Salvation {Harm rF- rN+
                  | Int+3}
 17933 | Gauntlet | Identified the +4 war axe "Killer Bee's Foe" {vorpal, rElec
                  | Str+3 Stlth+}
 17933 | Gauntlet | Noticed a minotaur
 17945 | Gauntlet | Killed a minotaur
 18279 | Gauntlet | Identified the +0 spear of Ampazihor {venom, +Blink}
 18443 | Lair:5   | Noticed a death yak
 18443 | Lair:5   | Noticed a death yak
 18443 | Lair:5   | Noticed a death yak
 18449 | Lair:5   | Killed a death yak
 18451 | Lair:5   | Killed a death yak
 18452 | Lair:5   | Reached XP level 13. HP: 113/113 MP: 13/13
 18453 | Lair:5   | Reached skill level 10 in Fighting
 20076 | Lair:6   | Found a large runed translucent door.
 20076 | Lair:6   | Found a large runed translucent door.
 20114 | Lair:6   | Noticed a fire dragon
 20654 | Lair:6   | Killed a fire dragon
 21569 | D:10     | Noticed Joseph
 21579 | D:10     | Killed Joseph
 21774 | D:10     | Noticed Maggie
 21786 | D:10     | Killed Maggie
 22079 | D:10     | Found a staircase to the Orcish Mines.
 22372 | D:11     | You are sucked into a shaft and drop 2 floors!
 22569 | D:12     | Reached skill level 5 in Dodging
 22569 | D:12     | Gained mutation: Your large and strong wings let you fly.
                  | [Black Draconian growth]
 22569 | D:12     | Reached XP level 14. HP: 80/127 MP: 14/14
 23704 | D:11     | Noticed Josephine
 23712 | D:11     | Killed Josephine
 24533 | D:13     | Received a gift from Trog
 24633 | D:13     | Found a gate to the Vaults.
 24734 | D:13     | Identified 2 scrolls of acquirement
 24735 | D:13     | Acquired the +11 executioner's axe of Lairrare {vamp, Will+
                  | Str+3}
 24737 | D:13     | Acquired a manual of Dodging
 25457 | D:14     | Reached skill level 15 in Fighting
 25462 | D:14     | HP: 5/135 [freezing wraith[a death knight] (9)]
 25462 | D:14     | Mangled by a freezing wraith

Illustrated notes

Levels and vault maps discovered:
D:1:      minmay_arrival_four_houses, layout_basic, basic_ecumenical_altar,
          lexackson_kobold_supper
D:2:      layout_rooms, serial_co_window_serial, co_window_paths_a,
          co_window_paths_a, co_window_paths_a, co_window_paths_a,
          co_window_of_opportunity_a, co_window_broadway_c,
          co_window_unsneaky_path_b, co_window_paths_c, co_window_corner_b,
          co_window_of_opportunity_b, glass_columns_c
D:3:      layout_basic, lemuel_tele_altar, nicolae_overflow_hidden_temple,
          nrook_uturn
D:4:      layout_basic, amcnicky_altar_gilded, kennysheep_doodads
D:5:      layout_basic, good_gods_temple_1, old_standard_altar,
          ebering_dispersal_statue_hall, goddamned_bats, uniq_eustachio
D:6:      layout_loops_ring, lemuel_crystal_altar,
          minmay_temple_entry_statues_fountains, gammafunk_ghost_cemetery
D:7:      layout_basic
D:8:      layout_basic, lemuel_crystal_altar,
          nicolae_wu_jian_immortal_techniques
D:9:      layout_loops_cross, due_lair_maze_entry_diamond,
          kennysheep_generic_room_15
D:10:     layout_cave_pools, orc_0_dummy, enter_trove_0, uniq_maggie,
          uniq_joseph
D:11:     layout_loops_cross, uniq_josephine
D:12:     layout_cave_pools
D:13:     layout_long_grid, lightli_vaults_fourway_checkpoint, minivault_16
D:14:     layout_long_grid, hellmonk_ghost_happy_afterlife
Lair:1:   layout_misc_corridors, serial_bayou_lagoon_a, grunt_megastairs_1,
          infiniplex_staircase_pool, serial_bayou_shore_b
Lair:2:   layout_regular_city, shoals_dummy_entry, forest_entry_grove,
          serial_bayou_shore_a, grunt_megastairs_4
Lair:3:   layout_hall_layers, minmay_snake_entry_guardpost_small,
          chequers_serial_rivers_small_a, minivault_19
Lair:4:   cheibrodos_lair_overgrown_chateau, layout_gridlike
Lair:5:   layout_cave_pods, gauntlet_entry_generic
Lair:6:   cheibrodos_lair_end_hotspot, layout_cave_pods,
          dpeg_slime_entry_corner, st_stairs_4

Skill      XL: |  1  2  3  4  5  6  7  8  9 10 11 12 13 14 |
---------------+-------------------------------------------+-----
Axes           | 4 5 6 8 10 12 14 15 17 18 | 18.5
Shields        | 3 6 7 9 |  9.5
Fighting       | 9 12 15 | 15.0
Dodging        | 5 7 |  7.7

Action                   |  1- 3 |  4- 6 |  7- 9 | 10-12 | 13-15 || total
-------------------------+-------+-------+-------+-------+-------++-------
Melee: Hand axe          |   117 |   187 |    85 |       |       ||   389
       Tailslap          |    11 |    23 |    32 |    89 |    60 ||   215
       Trident           |       |       |    10 |       |       ||    10
       War axe           |       |       |   207 |   436 |       ||   643
       Broad axe         |       |       |       |   145 |   374 ||   519
Invok: Berserk           |     3 |     5 |    14 |    23 |    12 ||    57
       Brothers in Arms  |       |       |     1 |     6 |     3 ||    10
       Trog's Hand       |       |       |       |       |     1 ||     1
 Abil: Breathe Lightning |       |       |     2 |     1 |     1 ||     4
Evoke: Wand              |       |       |     3 |       |       ||     3
  Use: Scroll            |       |     3 |     5 |    17 |    11 ||    36
       Potion            |       |       |       |     2 |       ||     2
 Stab: Sleeping          |       |     2 |     1 |       |       ||     3
       Distracted        |       |       |       |     1 |     3 ||     4
Armor: Skin              |    56 |    55 |   159 |   178 |    95 ||   543
Dodge: Dodged            |    75 |   114 |   232 |   232 |   125 ||   778
Block: Buckler           |       |       |       |    88 |    85 ||   173

Table legend: (Time is in decaauts)
 A = Elapsed time spent in this place.
 B = Non-inter-level travel time spent in this place.
 C = Inter-level travel time spent in this place.
 D = Time resting spent in this place.
 E = Time spent auto-exploring this place.
 F = Levels seen in this place.
 G = Mean time per level.
                   A        B        C        D        E       F      G
               +--------+--------+--------+--------+--------+-----+--------+
         Total |  25707 |  24899 |    808 |   8713 |  13345 |  21 | 1224.1 |
       Dungeon |  15169 |  14743 |    426 |   4521 |   8424 |  14 | 1083.5 |
          Lair |   9239 |   8857 |    382 |   3258 |   4763 |   6 | 1539.8 |
      Gauntlet |   1298 |   1298 |      0 |    933 |    158 |   1 | 1298.0 |
               +--------+--------+--------+--------+--------+-----+--------+

Top non-repeatable levels by time:
  Lair:2: 2275 daAuts
  Lair:6: 1844 daAuts
     D:5: 1766 daAuts
  Lair:4: 1618 daAuts
     D:9: 1525 daAuts
    D:12: 1335 daAuts
Gauntlet: 1298 daAuts
     D:4: 1280 daAuts
     D:8: 1240 daAuts
  Lair:5: 1235 daAuts
    D:10: 1188 daAuts
  Lair:3: 1143 daAuts
     D:3: 1127 daAuts
  Lair:1: 1121 daAuts
     D:2: 1094 daAuts
